 Dungeon Crawl Stone Soup version 0.22-a0-362-g535178c (webtiles) character file.

919 khargal the Ducker (level 7, -3/61 HPs)
             Began as a Green Draconian Monk on Apr 21, 2018.
             Slain by a troll (10 damage)
             ... on level 6 of the Dungeon.
             The game lasted 00:11:12 (5179 turns).

khargal the Ducker (Green Draconian Monk)           Turns: 5179, Time: 00:11:14

Health: -3/61      AC:  6    Str: 13    XL:     7   Next: 83%
Magic:  7/7        EV: 16    Int: 11    God:
Gold:   190        SH:  0    Dex: 15    Spells: 6/6 levels left

rFire    . . .     SeeInvis .   c - +3 trident (pierce)
rCold    . . .     Gourm    .   (no shield)
rNeg     . . .     Faith    .   (armour unavailable)
rPois    +         Spirit   .   (helmet restricted)
rElec    .         Reflect  .   (no cloak)
rCorr    .         Harm     .   (no gloves)
MR       .....                  (no boots)
Stlth    ++........             (no amulet)
HPRegen  0.20/turn              (no ring)
MPRegen  0.10/turn              (no ring)

@: no status effects
A: breathe noxious fumes, unfitting armour, poison resistance, cold-blooded, AC
+6
a: Breathe Noxious Fumes


You were on level 6 of the Dungeon.
You were very full.

You visited 2 branches of the dungeon, and saw 7 of its levels.

You collected 190 gold pieces.

Inventory:

Hand Weapons
 a - a +0 mace
 c - a +3 trident of piercing (weapon)
 f - a +1 whip
Missiles
 j - 3 tomahawks of returning (quivered)
Magical Staves
 m - an uncursed staff of conjuration {unknown}
Wands
 n - a wand of random effects (19)
Scrolls
 d - a scroll of remove curse
 k - a scroll of fog
 o - a scroll of teleportation
 p - a scroll of blinking
Potions
 e - 3 potions of heal wounds {unknown}
 g - a potion of invisibility {unknown}
 h - a potion of degeneration {unknown}
 i - a potion of cancellation
 l - a potion of resistance
Comestibles
 b - 5 rations


   Skills:
 - Level 5.1 Fighting
 - Level 5.4 Maces & Flails
 + Level 0.1 Polearms
 + Level 6.8 Dodging
 - Level 2.0 Stealth


You had 6 spell levels left.
You didn't know any spells.

Dungeon Overview and Level Annotations

Branches:
Dungeon (6/15)             Temple (1/1) D:4

Altars:
Ashenzari
Cheibriados
Dithmenos
Elyvilon
Fedhas
Gozag
Hepliaklqana
Kikubaaqudgha
Makhleb
Nemelex Xobeh
Okawaru
Qazlal
Ru
Sif Muna
Trog
Uskayaw
Vehumet
Wu Jian
Xom
Yredelemnul
Zin
The Shining One

Shops:
D:4 (%:   D:5 :


Innate Abilities, Weirdness & Mutations

You can breathe blasts of noxious fumes.
Your lurid green scales are hard. (AC +6)
You cannot fit into any form of body armour.
Your system is resistant to poisons. (rPois)
You are cold-blooded and may be slowed by cold attacks.


Message History

You closely miss the troll.
The troll is heavily wounded.
The troll bites you.
* * * LOW HITPOINT WARNING * * *
The troll closely misses you. The troll claws you!
* * * LOW HITPOINT WARNING * * *
The troll closely misses you. The troll claws you but does no damage.
The troll misses you.
You can't do that yet.
Found a ring mail.
Attack whom?
Press: ? - help, Dir - move target cursor, f/p - troll
Aim: a troll (lightly wounded)
You reach to attack!
You barely miss the troll.
The troll is lightly wounded.
You have got your breath back.
The troll bites you.
* * * LOW HITPOINT WARNING * * *
The troll claws you!
You die...

#.....#..........
####..............(.
#................###
##.....#######..<#
#....[# ###.#
#.....# .. #.....# #
##T....# #@.....#
#...........#
...###########


You could see a troll.

Vanquished Creatures
  A black bear (D:6)
  2 ice beasts
  2 centaurs (D:5)
  2 scorpions
  A howler monkey (D:4)
  2 hounds
  2 bullfrog skeletons
  2 worker ants (D:4)
  8 adders
  A shadow imp (D:6)
  2 adder skeletons
  2 worms
  2 dart slugs
  3 leopard geckos
  10 orcs
  4 giant cockroaches
  2 goblins (D:1)
  9 hobgoblins
  14 kobolds
  3 quokkas
  A ball python (D:5)
  11 bats
  5 frilled lizards
  8 rats
99 creatures vanquished.

Notes
Turn   | Place    | Note
-------+----------+-------------------------------------------
     0 | D:1      | khargal the Draconian Monk began the quest for the Orb.
     0 | D:1      | Reached XP level 1. HP: 19/19 MP: 1/1
   157 | D:1      | Reached XP level 2. HP: 21/26 MP: 2/2
  1028 | D:2      | Reached skill level 3 in Dodging
  1148 | D:2      | Reached XP level 3. HP: 32/33 MP: 3/3
  1719 | D:2      | Found a bloodstained altar of Trog.
  1720 | D:2      | Found a snail-covered altar of Cheibriados.
  1723 | D:2      | Found a sacrificial altar of Ru.
  1808 | D:2      | Reached XP level 4. HP: 36/40 MP: 4/4
  2841 | D:3      | Found a white marble altar of Elyvilon.
  2841 | D:3      | Found a glowing silver altar of Zin.
  2842 | D:3      | Found a glowing golden altar of the Shining One.
  2952 | D:4      | Found a stormy altar of Qazlal.
  2955 | D:4      | Found a blossoming altar of Fedhas.
  3110 | D:4      | Reached XP level 5. HP: 46/46 MP: 5/5
  3179 | D:4      | Reached skill level 4 in Dodging
  3283 | D:4      | Found a staircase to the Ecumenical Temple.
  3306 | D:4      | Found Gonajimm's Book Emporium.
  3419 | D:4      | Found Riloiq's Food Shoppe.
  3437 | D:4      | Reached XP level 6. HP: 42/53 MP: 6/6
  3733 | D:4      | Found Viteattoxo's Antique Weapon Shop.
  3940 | D:5      | Entered Level 5 of the Dungeon
  4020 | D:5      | Reached skill level 5 in Fighting
  4066 | D:5      | Found Gywkuc's Book Boutique.
  4087 | D:5      | Reached skill level 5 in Dodging
  4255 | D:5      | Noticed an ice beast
  4265 | D:5      | Killed an ice beast
  4265 | D:5      | Reached skill level 5 in Maces & Flails
  4265 | D:5      | Your scales start taking on a lurid green colour.
  4265 | D:5      | Reached XP level 7. HP: 44/61 MP: 7/7
  4265 | D:5      | Gained mutation: Your system is resistant to poisons. (rPois) [Green Draconian growth]
  4579 | Temple   | Entered the Ecumenical Temple
  4969 | D:6      | Reached skill level 6 in Dodging
  5150 | D:6      | Noticed a troll
  5179 | D:6      | Slain by a troll

Vault maps used:
D:1:      dpeg_arrival_oval
D:2:      gammafunk_temple_overflow_forgotten
D:3:      good_gods_temple_1, first_ration, corexii_corridor_pit
D:4:      grunt_temple_overflow_forces_of_nature, minmay_temple_entry_crystal_x,
          serial_shops, shop, nicolae_shop_behind_doors, shop_fountains
D:5:      serial_shops, shop
D:6:      kennysheep_potato
Temple:   jpeg_temple_clearing

Skill      XL: |  1  2  3  4  5  6  7 |
---------------+----------------------+-----
Stealth        | 2 |  2.0
Dodging        | 3 4 5 6 |  6.8
Maces & Flails | 4 5 |  5.4
Fighting       | 4 5 |  5.1
Polearms       | |  0.1

Action                   |  1- 3 |  4- 6 |  7- 9 || total
-------------------------+-------+-------+-------++-------
Melee: Mace              |    38 |       |       ||    38
       Tailslap          |    19 |    12 |     5 ||    36
       Whip              |   115 |       |       ||   115
       Trident           |     9 |   153 |    48 ||   210
 Abil: Breathe Noxious F |       |       |     3 ||     3
  Use: Scroll            |    11 |     1 |     2 ||    14
 Stab: Sleeping          |     5 |    12 |     1 ||    18
       Confused          |       |       |     1 ||     1
  Eat: Chunk             |     3 |     8 |       ||    11
       Ration            |       |       |     3 ||     3
Armor: Skin              |    57 |    35 |    11 ||   103
Dodge: Dodged            |   117 |   106 |    49 ||   272

Table legend:
 A = Spawn XP
 B = Non-spawn XP
 C = Spawn XP percentage of total XP
 D = Spawn monster count
 E = Non-spawn monster count
 F = Spawn count percentage of total count
 G = Total turns spent on level
                    A         B        C        D         E        F      G
               +---------+---------+-------+---------+---------+-------+---------
         Total |       0 |    1313 |   0.0 |       0 |      99 |   0.0 |  5179
               +---------+---------+-------+---------+---------+-------+---------
           D:1 |       0 |      31 |   0.0 |       0 |      18 |   0.0 |  1005
           D:2 |       0 |      71 |   0.0 |       0 |      27 |   0.0 |  1010
           D:3 |       0 |      89 |   0.0 |       0 |      23 |   0.0 |   900
           D:4 |       0 |     268 |   0.0 |       0 |      16 |   0.0 |  1202
           D:5 |       0 |     491 |   0.0 |       0 |       8 |   0.0 |   622
           D:6 |       0 |     363 |   0.0 |       0 |       7 |   0.0 |   237
               +---------+---------+-------+---------+---------+-------+---------
